 Dungeon Crawl Stone Soup version 0.31-a0-854-g362426d53f (webtiles) character file.

Game seed: 1159746217349712796

4015 Kurtz the Cleaver (level 10, -4/92 HPs)
             Began as a Naga Delver on Oct 8, 2023.
             Was an Initiate of Gozag.
             Slain by a tengu warrior
             ... wielding a +0 dire flail
              (9 damage)
             ... on level 8 of the Dungeon.
             The game lasted 00:14:01 (10088 turns).

Kurtz the Cleaver (Naga Delver)                    Turns: 10088, Time: 00:14:01

Health: -4/92      AC: 15    Str: 15    XL:     10   Next: 23%
Magic:  10/10      EV: 11    Int: 11    God:    Gozag
Gold:   52         SH:  7    Dex: 16    Spells: 9/9 levels left

rFire   . . .        D - +0 war axe
rCold   + . .        f - +2 buckler {rC+}
rNeg    . . .        w - +0 chain mail
rPois   +            x - +2 hat
rElec   .            l - +0 cloak
rCorr   .            (no gloves)
SInv    +            (no barding)
Will    .....        (no amulet)
Stlth   +            q - +4 ring of protection
HPRegen 0.35/turn    o - +5 ring of evasion
MPRegen 0.12/turn

%: no passive effects
@: weak-willed, attractive, very slow
A: AC +3, large, see invisible, deformed body, poison resistance, slowness 2,
spit poison 1, naga tail 1
a: Spit Poison, Renounce Religion, Potion Petition, Call Merchant, Bribe Branch


You were on level 8 of the Dungeon.
You worshipped Gozag.
Gozag was noncommittal.
You visited 2 branches of the dungeon, and saw 9 of its levels.

You collected 583 gold pieces.
You paid 531 gold pieces to Gozag.

Inventory:

Hand Weapons
 a - a +0 hand axe
 D - a +0 war axe (weapon)
 O - a +2 flail of draining
 P - a +2 whip of freezing
Missiles
 k - 6 javelins
 M - 31 poisoned darts
Armour
 b - a +0 leather armour
 f - a +2 buckler of cold resistance (worn)
 l - a +0 cloak (worn)
 w - a +0 chain mail (worn)
 x - a +2 hat (worn)
 A - a +0 helmet
 L - a scarf of harm
Jewellery
 h - a ring of positive energy
 j - a ring of protection from cold
 o - a +5 ring of evasion (right hand)
 q - a +4 ring of protection (left hand)
Wands
 g - a wand of digging (3)
Scrolls
 c - 2 scrolls of fog
 d - a scroll of revelation
 m - 7 scrolls of identify
 n - 2 scrolls of noise
 s - a scroll of vulnerability
 u - 2 scrolls of teleportation {unknown}
 y - a scroll of enchant armour
 z - a scroll of torment {unknown}
 C - 2 scrolls of amnesia {unknown}
 F - a scroll of blinking {unknown}
 G - a scroll of poison {unknown}
 I - a scroll of acquirement {unknown}
Potions
 i - 5 potions of curing
 r - a potion of cancellation
 t - a potion of mutation
 E - a potion of resistance


   Skills:
 * Level 6.8 Fighting
 * Level 11.2 Axes
 - Level 3.1 Armour
 * Level 3.5 Dodging
 - Level 7.2 Stealth
 - Level 3.6 Shields


You had 9 spell levels left.
You didn't know any spells.
Your spell library contained the following spells:

 Spells                   Type           Power      Damage    Failure   Level
 Kiss of Death            Conj/Necr      0%         2d5       100%        1
 Ensorcelled Hibernation  Hex/Ice        0%         N/A       100%        2
 Jinxbite                 Hex            0%         N/A       100%        2
 Confusing Touch          Hex            0%         N/A       100%        3
 Inner Flame              Hex/Fire       0%         N/A       100%        3
 Ozocubu's Armour         Ice            0%         N/A       100%        3
 Anguish                  Hex/Necr       0%         N/A       100%        4
 Dispel Undead            Necr           0%         3d6       100%        4
 Flame Wave               Conj/Fire      0%         2d4       100%        4
 Sticky Flame             Conj/Fire      0%         2d3       100%        4
 Metabolic Englaciation   Hex/Ice        0%         N/A       100%        5
 Simulacrum               Ice/Necr       Unusable   N/A       N/A         6

Dungeon Overview and Level Annotations

Branches:
Dungeon (8/15)             Temple (1/1) D:7
   Lair: D:8-11

Altars:
Cheibriados
Dithmenos
Fedhas
Gozag
Kikubaaqudgha
Makhleb
Nemelex Xobeh
Qazlal
Ru
Sif Muna
Uskayaw
Vehumet
Wu Jian
Yredelemnul
Zin
The Shining One
Lugonu

Shops:
D:2 *

Annotations:
D:5 3 runed translucent doors, Kurtz's ghost, weakling NaDe
D:7 exclusion: downstairs
D:8 Jeremiah


Innate Abilities, Weirdness & Mutations

Your serpentine skin is tough. (AC +3)
You have supernaturally acute eyesight. (SInv)
Armour fits poorly on your strangely shaped body.
Your system is resistant to poisons. (rPois)
You cover ground very slowly.
You can spit poison.
You have a snake-like lower body.


Message History

* * * LOW HITPOINT WARNING * * *
The tengu warrior is attracted toward you.
You slash the tengu warrior!
The tengu warrior is moderately wounded.
The tengu warrior unwields a +0 arbalest.
The tengu warrior wields a +0 dire flail.
The tengu warrior hits you with a +0 dire flail!
* * * LOW HITPOINT WARNING * * *
The tengu warrior closely misses you. x2
You feel better. You block the tengu warrior's attack.
The tengu warrior pecks you.
* * * LOW HITPOINT WARNING * * *
The tengu warrior completely misses you.
Okay, then.
You feel better.
The tengu warrior hits you with a +0 dire flail!
* * * LOW HITPOINT WARNING * * *
The tengu warrior barely misses you. You block the tengu warrior's attack.
You barely miss the tengu warrior.
The tengu warrior is moderately wounded.
The tengu warrior closely misses you.
The tengu warrior pecks you but does no damage.
The tengu warrior closely misses you. Jeremiah is attracted toward you.
Unknown command.
Unknown command.
As you read the scroll labelled NAECHIOHIO, it crumbles to dust.
You hear a loud clanging noise!
It was a scroll of noise.
Jeremiah shouts!
You hear two shouts!
The tengu warrior hits you with a +0 dire flail!
* * * LOW HITPOINT WARNING * * *
The tengu warrior pecks you but does no damage.
The tengu warrior claws you.
* * * LOW HITPOINT WARNING * * *
The butterfly is attracted toward you. x2; Jeremiah is attracted toward you.
As you read the scroll labelled NOFIAN USSYGA, it crumbles to dust.
Magic quickly surges around you.
It was a scroll of vulnerability.
The tengu warrior hits you with a +0 dire flail!
You die...
Your body crumbles into a pile of gold.

### ##.# ##..#
##########..###
########.......Q@.##.##
...............b..#...##
#################Fb....##
######### ##§.)....##
##.......# #.........#
...)...>.## #.........##
### ..........#
##..........# #..
..........# #..§.....####
#.. ...........#
##......## ##.


You could see a tengu warrior (weak-willed) and Jeremiah (weak-willed).

Vanquished Creatures
  Pikel (D:8)
  A deep elf pyromancer (D:8)
  Prince Ribbit (D:7)
  Grinder (D:2)
  2 yaks (D:8)
  A steam dragon (D:7)
  Duvessa (D:5)
  2 water moccasins
  An ice beast (D:6)
  2 orc warriors (D:7)
  A sky beast (D:8)
  A black bear (D:6)
  A centaur (D:8)
  An ogre (D:5)
  3 lemures
  2 kobold brigands (D:7)
  4 bullfrogs
  A scorpion (D:6)
  A gnoll sergeant (D:6)
  Dowan (D:5)
  2 jellies
  2 orc priests
  3 hounds
  A sleepcap (D:6)
  4 iguanas
  Natasha (twice) (D:3)
  5 orc wizards
  6 gnolls
  6 adders
  A shadow imp (D:8)
  3 white imps
  An ufetubus (D:5)
  2 dart slugs
  34 orcs
  3 bats
  5 endoplasms
  6 giant cockroaches
  8 goblins
  6 hobgoblins
  2 jackals (D:3)
  4 quokkas
  7 ball pythons
  3 frilled lizards
  16 kobolds
  25 rats
186 creatures vanquished.

Notes
Turn   | Place    | Note
-------+----------+-------------------------------------------
     0 | D:5      | Kurtz the Naga Delver began the quest for the Orb.
     0 | D:5      | Reached XP level 1. HP: 21/21 MP: 1/1
   206 | D:2      | Found Ahiuxe Zou's General Store.
   212 | D:2      | Reached XP level 2. HP: 28/28 MP: 2/2
   245 | D:2      | Reached skill level 3 in Axes
   457 | D:2      | Reached XP level 3. HP: 12/34 MP: 3/3
  1205 | D:1      | Reached skill level 4 in Axes
  1591 | D:2      | Reached XP level 4. HP: 39/42 MP: 4/4
  1794 | D:3      | Noticed Grinder
  2236 | D:3      | Noticed Natasha
  2996 | D:4      | Reached skill level 5 in Axes
  2996 | D:4      | Reached XP level 5. HP: 49/49 MP: 5/5
  3069 | D:4      | Found an ancient bone altar of Kikubaaqudgha.
  3095 | D:4      | Found a burning altar of Makhleb.
  3095 | D:4      | Noticed a balrug
  3108 | D:4      | Noticed a smoke demon
  3108 | D:4      | Noticed a ynoxinul
  3143 | D:4      | Reached skill level 1 in Armour
  3412 | D:4      | Reached XP level 6. HP: 56/56 MP: 6/6
  4211 | D:5      | Found a shimmering blue altar of Sif Muna.
  4242 | D:5      | Reached skill level 6 in Axes
  4422 | D:5      | Found a runed translucent gate.
  4422 | D:5      | Found a runed translucent gate.
  4423 | D:5      | Found a runed translucent gate.
  4426 | D:5      | Noticed Kurtz's ghost (weakling NaDe)
  4510 | D:5      | Reached XP level 7. HP: 61/62 MP: 7/7
  4738 | D:5      | Noticed Duvessa
  4770 | D:5      | Killed Duvessa
  4773 | D:5      | Noticed Dowan
  4782 | D:5      | Killed Dowan
  5164 | D:6      | Reached skill level 7 in Axes
  5386 | D:6      | Reached XP level 8. HP: 29/72 MP: 8/8
  5511 | D:6      | Reached skill level 1 in Shields
  6010 | D:7      | Found a sacrificial altar of Ru.
  6326 | D:7      | Found a blossoming altar of Fedhas.
  6337 | D:7      | Found a snail-covered altar of Cheibriados.
  6353 | D:7      | Reached skill level 8 in Axes
  6464 | D:7      | Found a staircase to the Ecumenical Temple.
  6484 | D:7      | Reached XP level 9. HP: 34/80 MP: 9/9
  6534 | Temple   | Entered the Ecumenical Temple
  6632 | Temple   | Became a worshipper of Gozag Ym Sagoz the Greedy
  6706 | D:7      | Found a sparkling altar of Nemelex Xobeh.
  6761 | D:7      | Noticed Prince Ribbit
  6774 | D:7      | Killed Prince Ribbit
  6775 | D:7      | Reached skill level 5 in Fighting
  6775 | D:7      | Reached skill level 9 in Axes
  6879 | D:7      | Found an ornate altar of the Wu Jian Council.
  7449 | D:8      | Noticed Pikel
  7663 | D:3      | Killed Natasha
  8205 | D:3      | Noticed Natasha
  8214 | D:3      | Killed Natasha
  9007 | D:2      | Killed Grinder
  9341 | D:8      | Noticed Jeremiah
  9777 | D:8      | Noticed a deep elf pyromancer
  9782 | D:8      | Killed Pikel
  9783 | D:8      | Reached skill level 10 in Axes
  9798 | D:8      | Killed a deep elf pyromancer
  9799 | D:8      | Reached XP level 10. HP: 82/92 MP: 10/10
  9834 | D:8      | Reached skill level 11 in Axes
  9856 | D:8      | Noticed a two-headed ogre
  9908 | D:8      | HP: 2/92 [yak (10)]
 10073 | D:8      | Noticed a tengu warrior
 10088 | D:8      | Slain by a tengu warrior

Illustrated notes

Levels and vault maps discovered:
D:1:      lightli_arrival_farm, layout_loops_corners
D:2:      layout_rooms, serial_shops, shop
D:3:      layout_basic, grunt_decor_resistance, kennysheep_cross_bottleneck,
          uniq_natasha, uniq_grinder
D:4:      layout_basic, makhleb_altar_promises_db, kiku_gazebo_pond_becter,
          minmay_rat_hole
D:5:      layout_loops_corners, kennysheep_mini, ebering_ghost_rock_garden,
          uniq_duvessa
D:6:      layout_basic
D:7:      layout_loops_ring, mainiacjoe_overflow_small_starburst,
          mainiacjoe_overflow_24_doors, nzn_wu_jian_council_hall,
          cheibriados_altar_1, mainiacjoe_overflow_tiny_flanked,
          minmay_temple_entry_enclosed_plants, uniq_prince_ribbit1
D:8:      layout_cave_pods, chequers_temple_overflow_minitemple,
          nicolae_doodle_vault, uniq_jeremiah, uniq_pikel
Temple:   corrupted_temple

Skill      XL: |  1  2  3  4  5  6  7  8  9 10 |
---------------+-------------------------------+-----
Axes           | 3 4 5 6 7 8 10 11 | 11.2
Armour         | 1 2 3 |  3.1
Fighting       | 4 6 |  6.8
Shields        | 3 |  3.6
Dodging        | 2 3 |  3.5
Stealth        | |  7.2

Action                     |  1- 3 |  4- 6 |  7- 9 | 10-12 || total
---------------------------+-------+-------+-------+-------++-------
  Melee: Hand axe          |    81 |   212 |       |       ||   293
         Punch             |       |     3 |     1 |       ||     4
         War axe           |       |    29 |   395 |    45 ||   469
         Unarmed           |       |       |     4 |       ||     4
  Throw: Javelin           |       |       |     1 |       ||     1
         Dart              |       |       |     1 |       ||     1
 Invoke: Potion Petition   |       |       |       |     1 ||     1
Ability: Spit Poison       |     6 |     9 |    16 |     2 ||    33
  Evoke: Wand              |       |     9 |    12 |     8 ||    29
    Use: Potion            |     2 |       |     4 |     8 ||    14
         Scroll            |       |       |     2 |     5 ||     7
   Stab: Sleeping          |    12 |     6 |       |       ||    18
         Invisible         |       |       |     5 |       ||     5
         Distracted        |       |       |     1 |       ||     1
         Confused          |       |       |     1 |       ||     1
 Armour: Leather armour    |    50 |    46 |       |       ||    96
         Chain mail        |       |   141 |   317 |    56 ||   514
         Skin              |       |       |       |     2 ||     2
  Dodge: Dodged            |    39 |    84 |   194 |    35 ||   352
  Block: Buckler           |       |       |    95 |    23 ||   118

Table legend: (Time is in decaauts)
 A = Elapsed time spent in this place.
 B = Non-inter-level travel time spent in this place.
 C = Inter-level travel time spent in this place.
 D = Time resting spent in this place.
 E = Time spent auto-exploring this place.
 F = Levels seen in this place.
 G = Mean time per level.
                   A        B        C        D        E       F      G
               +--------+--------+--------+--------+--------+-----+--------+
         Total |  12931 |  10512 |   2419 |   1695 |   6684 |   9 | 1436.8 |
       Dungeon |  12812 |  10410 |   2402 |   1609 |   6684 |   8 | 1601.5 |
        Temple |    119 |    103 |     16 |     86 |      0 |   1 |  119.0 |
               +--------+--------+--------+--------+--------+-----+--------+

Top non-repeatable levels by time:
     D:3: 3390 daAuts
     D:7: 1976 daAuts
     D:5: 1719 daAuts
     D:4: 1656 daAuts
     D:1: 1306 daAuts
     D:6: 1184 daAuts
     D:2: 950 daAuts
     D:8: 629 daAuts
  Temple: 119 daAuts
